 Dungeon Crawl Stone Soup version 0.30-a0-165-g1891117ce2 (webtiles) character file.

Game seed: 14625840747890773323

715 qw the Shield-Bearer (level 7, -5/43 HPs)
             Began as a Gargoyle Fighter on Sept 28, 2022.
             Slain by Pikel
             ... wielding a +1 whip of freezing
              (6 damage)
             ... on level 4 of the Dungeon.
             The game lasted 00:01:44 (4243 turns).

qw the Shield-Bearer (Gargoyle Fighter)             Turns: 4243, Time: 00:01:45

Health: -5/43      AC: 16    Str: 22    XL:     7   Next: 69%
Magic:  7/7        EV:  6    Int:  8    God:
Gold:   187        SH:  9    Dex:  9    Spells: 6/6 levels left

rFire   . . .      SeeInvis .    Y - +1 war axe
rCold   . . .      Faith    .    b - +0 kite shield
rNeg    + . .      Spirit   .    j - +0 chain mail
rPois   inf        Reflect  .    k - +0 helmet
rElec   +          Harm     .    a - +0 cloak
rCorr   .          Rampage  .    (no gloves)
Will    .....                    (no boots)
Stlth   ..........               (no amulet)
HPRegen 0.14/turn                (no ring)
MPRegen 0.10/turn                (no ring)

@: no status effects
A: sickness immunity, AC +4, negative energy resistance 1, electricity
resistance, torment resistance 1, petrification resistance
a: no special abilities


You were on level 4 of the Dungeon.
You visited 1 branch of the dungeon, and saw 4 of its levels.

You collected 187 gold pieces.


Innate Abilities, Weirdness & Mutations

You are immune to sickness and miasma.
Your stone body is resilient. (AC +4)
You are immune to poison.
You resist negative energy. (rN+)
You are resistant to electric shocks. (rElec)
You are resistant to unholy torment.
You are immune to petrification.


   Skills:
 - Level 4.0 Fighting
 - Level 6.0 Axes
 - Level 3.2 Armour
 + Level 0.0 Dodging
 - Level 6.2 Shields


You had 6 spell levels left.
You didn't know any spells.
Your spell library was empty.

Inventory:

Hand Weapons
 i - a +0 morningstar
 Y - a +1 war axe (weapon)
Armour
 a - a +0 cloak (worn)
 b - a +0 kite shield (worn)
 j - a +0 chain mail (worn)
 k - a +0 helmet (worn)
Scrolls
 f - a scroll of identify
Potions
 c - a potion of haste
 d - a potion of might
 e - a potion of lignification {unknown}
 g - a potion of mutation
 h - 2 potions of curing
 l - a potion of flight {unknown}
 m - a potion of heal wounds {unknown}
 n - a potion of attraction

Dungeon Overview and Level Annotations

Branches:
Dungeon (4/15)
 Temple: D:4-7

Altars:
Hepliaklqana
Nemelex Xobeh
Qazlal
Xom

Annotations:
D:4 Edmund, Pikel


Message History

You closely miss Pikel.
Pikel is heavily wounded.
You hit the lemure. x2
The lemure hits you but does no damage. x2; Pikel barely misses you.
You closely miss the lemure.
The lemure is severely wounded.
You closely miss the lemure. You hit Pikel but do no damage.
You block the lemure's attack.
Pikel says, "You'll feel the lick of my whip!"
Pikel hits you with a +1 whip of freezing.
Pikel freezes you. You block the lemure's attack.
You hit the lemure.
The lemure is severely wounded.
You hit the lemure. You barely miss Pikel. The lemure barely misses you.
Pikel barely misses you. You block the lemure's attack. The lemure hits you.
The lemure closely misses you.
Pikel scowls and wipes his hands on his robe.
You block Pikel's attack.
You barely miss the lemure.
The lemure is severely wounded.
You hit the lemure. You hit Pikel but do no damage. The lemure hits you. x2
Pikel says, "I just want to get paid!"
Pikel hits you with a +1 whip of freezing.
Pikel freezes you.
You hit the lemure.
The lemure is almost dead.
You barely miss Pikel. You hit the lemure.
The lemure hits you but does no damage. You block Pikel's attack.
The lemure closely misses you.
You closely miss the lemure.
The lemure is almost dead.
You hit the lemure. You hit Pikel. You block the lemure's attack.
Pikel says, "I just want to get paid!"
Pikel hits you with a +1 whip of freezing.
Pikel freezes you. The lemure hits you but does no damage.
The lemure hits you. x2
Pikel hits you with a +1 whip of freezing.
You die...

#....... #.## #...#..#
#.# #...#..## #.#
#.......## #.#
#?#......########.#
#..####.#..........K....#
....S.............#######
..####.#.5.K...#
#.##5@...## #.###...##
... >.### #.##### #.# #.#
#.#


You could see Pikel and 2 lemures.

Vanquished Creatures
  Grinder (D:4)
  Sigmund (D:2)
  2 lemures (D:4)
  2 orc priests
  A hound (D:4)
  Terence (D:2)
  2 iguanas (D:4)
  Natasha (D:4)
  Robin (D:2)
  4 adders
  A worm (D:3)
  3 dart slugs
  10 orcs
  8 endoplasms
  9 giant cockroaches
  8 hobgoblins
  5 quokkas
  6 ball pythons
  10 bats
  5 frilled lizards
  13 goblins
  3 kobolds
  8 rats
105 creatures vanquished.

Notes
Turn   | Place    | Note
-------+----------+-------------------------------------------
     0 | D:1      | qw the Gargoyle Fighter began the quest for the Orb.
     0 | D:1      | Reached XP level 1. HP: 14/14 MP: 1/1
     0 | D:1      | 0 ||| qw: Version: 0.2-a-12-gaebbb33
     0 | D:1      | 0 ||| qw: Game counter: 896
     0 | D:1      | 0 ||| qw: Always use a shield: true
     0 | D:1      | 0 ||| qw: God list: Okawaru
     0 | D:1      | 0 ||| qw: Allow faded altars: false
     0 | D:1      | 0 ||| qw: Do Orc after D:15 true
     0 | D:1      | 0 ||| qw: Do second Lair branch before Depths: true
     0 | D:1      | 0 ||| qw: Lair rune preference: random
     0 | D:1      | 0 ||| qw: Plans: Normal, Zot:1-4, God:TSO, Crypt, Tomb,
                  | Pan, Slime:5, Hells, Abyss, Orb
     0 | D:1      | 0 ||| PLANNING D:1-11
     5 | D:1      | 5 ||| Stepping ~*~*~tactically~*~*~ (stealth).
    11 | D:1      | 11 ||| Stepping ~*~*~tactically~*~*~ (stealth).
    22 | D:1      | 22 ||| Stepping ~*~*~tactically~*~*~ (stealth).
    24 | D:1      | 24 ||| Stepping ~*~*~tactically~*~*~ (stealth).
    25 | D:1      | 25 ||| Stepping ~*~*~tactically~*~*~ (stealth).
    27 | D:1      | 27 ||| Stepping ~*~*~tactically~*~*~ (stealth).
    28 | D:1      | 28 ||| Stepping ~*~*~tactically~*~*~ (stealth).
    35 | D:1      | 35 ||| Stepping ~*~*~tactically~*~*~ (stealth).
   172 | D:1      | Reached XP level 2. HP: 19/19 MP: 2/2
   445 | D:1      | Reached skill level 3 in Axes
   487 | D:1      | 487 ||| Stepping ~*~*~tactically~*~*~ (hiding).
   496 | D:1      | Reached XP level 3. HP: 23/23 MP: 3/3
   642 | D:1      | 642 ||| Stepping ~*~*~tactically~*~*~ (stealth).
   684 | D:1      | 684 ||| Stepping ~*~*~tactically~*~*~ (stealth).
   877 | D:1      | 877 ||| UPGRADING to +0 chain mail.
   887 | D:1      | 887 ||| DROPPING +0 scale mail.
   888 | D:1      | 888 ||| READING scroll labelled MERORH CUCHOTU.
   889 | D:1      | 889 ||| READING 3 scrolls labelled PEOFED GIADAS.
   890 | D:1      | 890 ||| DRINKING 2 puce potions.
   891 | D:1      | 891 ||| READING 2 scrolls of identify.
   891 | D:1      | 891 ||| IDENTIFYING fuming ruby potion
   984 | D:2      | 984 ||| Stepping ~*~*~tactically~*~*~ (hiding).
  1151 | D:2      | 1151 ||| Stepping ~*~*~tactically~*~*~ (stealth).
  1153 | D:2      | 1153 ||| Stepping ~*~*~tactically~*~*~ (stealth).
  1170 | D:2      | Found a faded altar of an unknown god.
  1195 | D:2      | Noticed Terence
  1203 | D:2      | Killed Terence
  1204 | D:2      | Reached XP level 4. HP: 17/28 MP: 4/4
  1482 | D:2      | Noticed Sigmund
  1488 | D:2      | Noticed Robin
  1496 | D:2      | Killed Sigmund
  1497 | D:2      | Reached XP level 5. HP: 22/32 MP: 5/5
  1497 | D:2      | Reached XP level 6. HP: 25/37 MP: 6/6
  1586 | D:2      | 1586 ||| FLEEEEING.
  1587 | D:2      | 1587 ||| FLEEEEING.
  1626 | D:2      | 1626 ||| FLEEEEING.
  1627 | D:2      | 1627 ||| FLEEEEING.
  1637 | D:2      | Killed Robin
  2130 | D:2      | 2130 ||| UPGRADING to +0 kite shield.
  2140 | D:2      | 2140 ||| DROPPING +0 buckler.
  2141 | D:2      | 2141 ||| UPGRADING to +0 helmet.
  2146 | D:2      | 2146 ||| DROPPING amulet of magic regeneration.
  2147 | D:2      | 2147 ||| READING scroll labelled JEULEU ESTREMYI.
  2148 | D:2      | 2148 ||| READING scroll labelled TIPUZY QIQA.
  2149 | D:2      | 2149 ||| READING scroll labelled YPPAJ GOPN.
  2150 | D:2      | 2150 ||| READING 3 scrolls labelled RUOWEONUHIX.
  2153 | D:2      | 2153 ||| READING scroll labelled HUICED NOYSHRE.
  2154 | D:2      | 2154 ||| DRINKING 2 golden potions.
  2255 | D:3      | 2255 ||| Stepping ~*~*~tactically~*~*~ (stealth).
  2303 | D:3      | Found a sparkling altar of Nemelex Xobeh.
  2677 | D:3      | Found a hazy altar of Hepliaklqana.
  2761 | D:3      | 2761 ||| Stepping ~*~*~tactically~*~*~ (stealth).
  2777 | D:3      | Found a stormy altar of Qazlal.
  2834 | D:3      | 2834 ||| UPGRADING to +0 cloak.
  2839 | D:3      | 2839 ||| DRINKING 2 yellow potions.
  2942 | D:4      | Found a shimmering altar of Xom.
  3115 | D:4      | Noticed Grinder
  3123 | D:4      | Paralysed by Grinder for 4 turns
  3129 | D:4      | Killed Grinder
  3130 | D:4      | Reached skill level 6 in Shields
  3130 | D:4      | Reached XP level 7. HP: 22/42 MP: 7/7
  3361 | D:4      | Noticed Pikel
  3375 | D:4      | HP: 9/43 [Pikel/+1 whip of freezing (2)]
  3376 | D:4      | 3376 ||| READING 2 scrolls of teleportation.
  3377 | D:4      | HP: 2/43 [Pikel/+1 whip of freezing (4)]
  3697 | D:4      | Found Jooddion's Armour Boutique.
  3817 | D:4      | Noticed Edmund
  3818 | D:4      | 3818 ||| FLEEEEING.
  3819 | D:4      | 3819 ||| FLEEEEING.
  3820 | D:4      | 3820 ||| FLEEEEING.
  3821 | D:4      | 3821 ||| FLEEEEING.
  3822 | D:4      | 3822 ||| FLEEEEING.
  3823 | D:4      | 3823 ||| FLEEEEING.
  3831 | D:4      | 3831 ||| FLEEEEING.
  3832 | D:4      | 3832 ||| FLEEEEING.
  3833 | D:4      | 3833 ||| FLEEEEING.
  3834 | D:4      | 3834 ||| FLEEEEING.
  3835 | D:4      | 3835 ||| FLEEEEING.
  3836 | D:4      | 3836 ||| FLEEEEING.
  3837 | D:4      | 3837 ||| FLEEEEING.
  3838 | D:4      | 3838 ||| FLEEEEING.
  3839 | D:4      | 3839 ||| FLEEEEING.
  3840 | D:4      | 3840 ||| FLEEEEING.
  3844 | D:4      | 3844 ||| FLEEEEING.
  3845 | D:4      | 3845 ||| FLEEEEING.
  3846 | D:4      | 3846 ||| FLEEEEING.
  3847 | D:4      | 3847 ||| FLEEEEING.
  3848 | D:4      | 3848 ||| FLEEEEING.
  3849 | D:4      | 3849 ||| FLEEEEING.
  3850 | D:4      | 3850 ||| FLEEEEING.
  3853 | D:4      | 3853 ||| FLEEEEING.
  3854 | D:4      | 3854 ||| FLEEEEING.
  3855 | D:4      | 3855 ||| FLEEEEING.
  3856 | D:4      | 3856 ||| FLEEEEING.
  3866 | D:4      | 3866 ||| FLEEEEING.
  3870 | D:4      | Noticed Natasha
  3871 | D:4      | 3871 ||| Stepping ~*~*~tactically~*~*~ (hiding).
  3886 | D:4      | Killed Natasha
  3895 | D:4      | HP: 5/43 [Edmund/+2 flail of holy wrath (6)]
  3896 | D:4      | 3896 ||| READING scroll of teleportation.
  3896 | D:4      | HP: 2/43 [Edmund/+2 flail of holy wrath (3)]
  3910 | D:4      | 3910 ||| FLEEEEING.
  3911 | D:4      | 3911 ||| FLEEEEING.
  3912 | D:4      | 3912 ||| FLEEEEING.
  3913 | D:4      | 3913 ||| STAIRDANCE
  4186 | D:4      | 4186 ||| STAIRDANCE
  4192 | D:3      | Reached skill level 6 in Axes
  4243 | D:4      | HP: 8/43 [Pikel/+1 whip of freezing (6)]
  4243 | D:4      | HP: 1/43 [lemure[Pikel] (4)]
  4243 | D:4      | Slain by Pikel

Levels and vault maps discovered:
D:1:      minmay_arrival_four_circles, layout_basic
D:2:      layout_basic, hellmonk_ecumenical_altar_heavens_door,
          amcnicky_mini_rare_corridor_liquid, st_stairs_11,
          kennysheep_small_spiral, dk_noncrumbling_3, minmay_quadrilaterals,
          uniq_robin, uniq_sigmund, uniq_terence
D:3:      layout_basic, worldfamousw_hep_ancestral_shrine,
          nicolae_qazlal_general_emergency, lemuel_crystal_altar
D:4:      layout_loops_ring, lemuel_doored_altar, serial_shops, shop,
          uniq_edmund, uniq_pikel, uniq_natasha, uniq_grinder

Skill      XL: |  1  2  3  4  5  6  7 |
---------------+----------------------+-----
Axes           | 2 3 5 6 |  6.0
Shields        | 6 |  6.2
Fighting       | 4 |  4.0
Armour         | |  3.2

Action                   |  1- 3 |  4- 6 |  7- 9 || total
-------------------------+-------+-------+-------++-------
Melee: War axe           |    81 |   168 |    88 ||   337
       Unarmed           |       |    12 |       ||    12
  Use: Scroll            |     3 |     5 |     2 ||    10
       Potion            |     1 |     2 |       ||     3
Armor: Scale mail        |    26 |       |       ||    26
       Chain mail        |     4 |    87 |    54 ||   145
       Skin              |       |     4 |       ||     4
Dodge: Dodged            |    26 |    50 |    25 ||   101
Block: Buckler           |     7 |     8 |       ||    15
       Kite shield       |       |    39 |    46 ||    85

Table legend:
 A = Non-vault XP
 B = Vault XP
 C = Vault XP percentage of total XP
 D = Non-vault monster count
 E = Vault monster count
 F = Vault count percentage of total count
                 A         B        C        D         E       F
            +---------+---------+-------+---------+---------+-------
      Total |     389 |     633 |  61.9 |      79 |      24 |  23.3
            +---------+---------+-------+---------+---------+-------
        D:1 |      44 |       0 |   0.0 |      28 |       0 |   0.0
        D:2 |      26 |     331 |  92.7 |      14 |      22 |  61.1
        D:3 |     130 |       0 |   0.0 |      26 |       0 |   0.0
        D:4 |     189 |     302 |  61.5 |      11 |       2 |  15.4
            +---------+---------+-------+---------+---------+-------
